 Dungeon Crawl Stone Soup version 0.19.0-2-gae57169 (webtiles) character file.

127 Khazard the Archer (level 4, 0/29 HPs)
             Began as a High Elf Hunter on Nov 5, 2016.
             Slain by a ball python (1 damage)
             ... on level 3 of the Dungeon.
             The game lasted 00:03:15 (2176 turns).

Khazard the Archer (High Elf Hunter)                Turns: 2176, Time: 00:03:15

Health: 0/29       AC:  1    Str: 11 (12) XL:     4   Next: 85%
Magic:  5/5        EV:  9    Int: 18 (20) God:
Gold:   91         SH:  0    Dex: 13 (15) Spells: 0 memorised, 3 levels left

rFire  + . .     SeeInvis .     a - +1 shortbow
rCold  . . .     Gourm    .     c - +0 leather armour
rNeg   . . .     Faith    .     (shield currently unavailable)
rPois  .         Spirit   .     i - +0 hat
rElec  +         Reflect  .     (no cloak)
rCorr  .         Harm     .     (no gloves)
MR     .....                    (no boots)
Stlth  +.........               (no amulet)
                                (no ring)
                                m - ring of protection from fire

@: brilliant, constricted
A: deformed body, deterioration 1, electricity resistance
a: no special abilities


You were on level 3 of the Dungeon.
You were not hungry.

You visited 1 branch of the dungeon, and saw 3 of its levels.

You collected 91 gold pieces.

Inventory:

Hand Weapons
 a - a +1 shortbow (weapon)
 b - a +0 short sword
 h - a +1 hunting sling of freezing
Missiles
 d - 22 arrows (quivered)
Armour
 c - a +0 leather armour (worn)
 i - a +0 hat (worn)
Jewellery
 l - an uncursed ring of wizardry
 m - a ring of protection from fire (left hand)
Scrolls
 g - a scroll of teleportation
 p - a scroll of amnesia
 q - a scroll of identify {unknown}
Potions
 k - a potion of brilliance
 o - a potion of heal wounds {unknown}
Comestibles
 f - a bread ration


   Skills:
 - Level 2.0 Fighting
 * Level 8.2 Bows
 - Level 2.1 Dodging
 - Level 1.1 Stealth


You had 3 spell levels left.
You didn't know any spells.

Dungeon Overview and Level Annotations

Branches:
Dungeon (3/15)

Altars:


Innate Abilities, Weirdness & Mutations

Armour fits poorly on your strangely shaped body.
Your body sometimes deteriorates upon taking damage.
You are resistant to electric shocks. (rElec)


Message History

It was a potion of mutation.
You feel extremely strange.
You feel yourself wasting away.
You feel insulated.
Your body twists and deforms.
The rat barely misses you. The ball python bites you.
* * * LOW HITPOINT WARNING * * *
The ball python barely misses you.
It was a potion of brilliance.
You feel clever all of a sudden. The rat bites you.
* * * LOW HITPOINT WARNING * * *
The ball python bites you but does no damage.
The ball python grabs you.
* * * LOW HITPOINT WARNING * * *
The ball python constricts you. The orc hits you.
* * * LOW HITPOINT WARNING * * *
It was a potion of degeneration.
There was something very wrong with that liquid.
You feel weakened.
You feel dopey.
You feel clumsy. The ball python closely misses you.
You die...

.##......####
............########
##....S............#
........#..........#
........#.(........#
...."...##(........#
........##.........#
##########.roS.....#
#.o@......#
###########


You could see 2 orcs, a ball python and a rat.

Vanquished Creatures
  Ijyb (D:2)
  3 adders
  A worm (D:3)
  4 dart slugs
  2 leopard geckos
  3 orcs (D:3)
  2 giant cockroaches (D:2)
  9 goblins
  7 hobgoblins
  4 jackals
  A ball python (D:1)
  5 bats
  A frilled lizard (D:1)
  8 kobolds
  5 rats
56 creatures vanquished.

Notes
Turn   | Place    | Note
-------+----------+-------------------------------------------
     0 | D:1      | Khazard the High Elf Hunter began the quest for the Orb.
     0 | D:1      | Reached XP level 1. HP: 14/14 MP: 2/2
   197 | D:1      | Reached XP level 2. HP: 14/19 MP: 3/3
   285 | D:1      | Reached skill level 6 in Bows
   801 | D:2      | Reached XP level 3. HP: 24/24 MP: 4/4
   830 | D:2      | Noticed Ijyb
   861 | D:2      | Killed Ijyb
   861 | D:2      | Reached skill level 7 in Bows
  1032 | D:1      | Reached XP level 4. HP: 21/29 MP: 5/5
  1679 | D:3      | Reached skill level 8 in Bows
  2174 | D:3      | Gained mutation: Your body sometimes deteriorates upon taking damage. [potion of mutation]
  2174 | D:3      | Gained mutation: You are resistant to electric shocks. (rElec) [potion of mutation]
  2174 | D:3      | Gained mutation: Armour fits poorly on your strangely shaped body. [potion of mutation]
  2175 | D:3      | HP: 1/29 [orc (4)]
  2176 | D:3      | Slain by a ball python

Skill      XL: |  1  2  3  4 |
---------------+-------------+-----
Bows           | 6 7 8 |  8.2
Fighting       | |  2.0
Dodging        | |  2.1
Stealth        | |  1.1

Action                   |  1- 3 |  4- 6 || total
-------------------------+-------+-------++-------
Melee: Short sword       |    10 |    21 ||    31
 Fire: Shortbow          |    73 |    90 ||   163
  Use: Scroll            |     2 |     3 ||     5
       Potion            |       |     5 ||     5
  Eat: Bread ration      |       |     1 ||     1
       Chunk             |       |     1 ||     1
Armor: Leather armour    |     6 |    21 ||    27
Dodge: Dodged            |    29 |    42 ||    71
